 Dungeon Crawl Stone Soup version 0.20.1-1-g8b1a95d (webtiles) character file.

448 vatarom the Shooter (level 6, 0/49 HPs)
             Began as a Demonspawn Hunter on Sept 23, 2017.
             Succumbed to a worker ant's poison
             ... on level 4 of the Dungeon.
             The game lasted 00:10:18 (2979 turns).

vatarom the Shooter (Demonspawn Hunter)             Turns: 2979, Time: 00:10:19

Health: 0/49       AC:  6    Str: 14    XL:     6   Next: 73%
Magic:  6/6        EV: 12    Int: 12    God:
Gold:   90         SH:  0    Dex: 14    Spells: 5/5 levels left

rFire    . . .     SeeInvis .   b - +0 short sword
rCold    . . .     Gourm    .   (no shield)
rNeg     . . .     Faith    .   c - +0 leather armour
rPois    .         Spirit   .   (no helmet)
rElec    .         Reflect  .   (no cloak)
rCorr    .         Harm     .   (no gloves)
MR       .....                  (no boots)
Stlth    +.........             (no amulet)
Regen    0.2/turn               (no ring)
MPRegen  0.1/turn               (no ring)

@: lethally poisoned (0 -> -5)
A: yellow scales 2, powered by death 2
a: no special abilities


You were on level 4 of the Dungeon.
You were not hungry.

You visited 1 branch of the dungeon, and saw 4 of its levels.

You collected 90 gold pieces.

Inventory:

Hand Weapons
 a - a +1 shortbow
 b - a +0 short sword (weapon)
Missiles
 d - 6 arrows
Armour
 c - a +0 leather armour (worn)
Scrolls
 h - 3 scrolls of identify
 i - 3 scrolls of remove curse
Books
 l - a book of Maledictions

   Spells                             Type                      Level
   a - Corona                         Hexes                        1
   b - Ensorcelled Hibernation        Hexes/Ice                    2
   c - Confuse                        Hexes                        3
   d - Tukima's Dance                 Hexes                        3
   e - Dazzling Spray                 Conjuration/Hexes            3
Comestibles
 f - 2 bread rations
 g - 2 chunks of flesh
 k - a meat ration


   Skills:
 + Level 4.4 Fighting
 * Level 6.4 Bows
 - Level 1.7 Dodging
 - Level 0.8 Stealth


You had 5 spell levels left.
You didn't know any spells.

Dungeon Overview and Level Annotations

Branches:
Dungeon (4/15)
 Temple: D:4-7

Altars:


Innate Abilities, Weirdness & Mutations

You are mostly covered in yellow scales. (AC +3)
You regenerate health from kills.


Message History

The worker ant closely misses you. The ogre hits you with a giant club!!
Ouch! That really hurt!
* * * LOW HITPOINT WARNING * * *
You are too injured to fight recklessly!
b - a +0 short sword (weapon)
The worker ant barely misses you.
You hit the ogre.
The ogre is almost dead.
The worker ant bites you.
* * * LOW HITPOINT WARNING * * *
The ogre barely misses you.
You aren't carrying any potions.
You hit the ogre.
You kill the ogre!
The worker ant bites you.
* * * LOW HITPOINT WARNING * * *
You are lethally poisoned!
The worker ant poisons you!
You barely miss the worker ant.
You die...

..#######
#......@#
#....##)a#
#.. #...#
# (...>#
(......
##..###..
#..# ###
#(.#


You could see a worker ant.

Vanquished Creatures
  An ogre (D:4)
  A centaur (D:3)
  A crimson imp (D:3)
  A bullfrog skeleton (D:3)
  2 orc wizards (D:3)
  6 adders (D:3)
  5 worms
  4 dart slugs
  2 leopard geckos
  8 orcs (D:3)
  2 giant cockroaches (D:2)
  7 goblins
  8 hobgoblins
  9 jackals (D:2)
  2 ball pythons (D:3)
  8 bats
  8 frilled lizards
  7 kobolds
  2 rats
84 creatures vanquished.

Notes
Turn   | Place    | Note
-------+----------+-------------------------------------------
     0 | D:1      | vatarom the Demonspawn Hunter began the quest for the Orb.
     0 | D:1      | Reached XP level 1. HP: 16/16 MP: 1/1
   178 | D:1      | Gained mutation: You are partially covered in yellow scales. (AC +2) [demonic ancestry]
   178 | D:1      | Reached XP level 2. HP: 23/23 MP: 2/2
   439 | D:1      | Reached skill level 4 in Bows
   756 | D:2      | Gained mutation: You regenerate a little health from kills. [demonic ancestry]
   756 | D:2      | Reached XP level 3. HP: 9/28 MP: 3/3
  1682 | D:3      | Reached XP level 4. HP: 32/35 MP: 4/4
  2138 | D:3      | Reached skill level 5 in Bows
  2258 | D:3      | Gained mutation: You are mostly covered in yellow scales. (AC +3) [demonic ancestry]
  2258 | D:3      | Reached XP level 5. HP: 12/41 MP: 5/5
  2485 | D:3      | Noticed a centaur
  2517 | D:3      | HP: 1/41 [centaur/shortbow (3)]
  2534 | D:3      | Killed a centaur
  2534 | D:3      | Reached skill level 6 in Bows
  2534 | D:3      | Gained mutation: You regenerate health from kills. [demonic ancestry]
  2534 | D:3      | Reached XP level 6. HP: 17/48 MP: 6/6
  2978 | D:4      | HP: 1/49 [worker ant (3)]
  2979 | D:4      | Succumbed to a worker ant's poison

Skill      XL: |  1  2  3  4  5  6 |
---------------+-------------------+-----
Bows           | 4 5 6 |  6.4
Fighting       | 3 4 |  4.4
Dodging        | |  1.7
Stealth        | |  0.8

Action                   |  1- 3 |  4- 6 || total
-------------------------+-------+-------++-------
Melee: Short sword       |    50 |   178 ||   228
 Fire: Shortbow          |   122 |    57 ||   179
  Use: Scroll            |     4 |       ||     4
       Potion            |     1 |     6 ||     7
 Stab: Sleeping          |       |     1 ||     1
  Eat: Chunk             |     2 |     1 ||     3
       Bread ration      |       |     1 ||     1
Armor: Leather armour    |    33 |    67 ||   100
Dodge: Dodged            |    63 |   150 ||   213
